 Dungeon Crawl Stone Soup version 0.24-a0-309-g1095bca (webtiles) character file.

Game seed: 527693628320907017

33 Ijustatesigmund the Skirmisher (level 3, 0/26 HPs)
             Began as an Octopode Fighter on May 14, 2019.
             Slain by a hound (3 damage)
             ... on level 1 of the Dungeon.
             The game lasted 00:01:43 (1076 turns).

Ijustatesigmund the Skirmisher (Octopode Fighter)   Turns: 1076, Time: 00:01:43

Health: 0/26       AC:  1    Str: 13 (15) XL:     3   Next: 29%
Magic:  3/3        EV: 11    Int:  8 (10) God:
Gold:   103        SH:  9    Dex: 10 (12) Spells: 2/2 levels left

rFire    . . .     SeeInvis .   a - +0 flail
rCold    . . .     Gourm    .   b - +1 shield
rNeg     . . .     Faith    .   (helmet restricted)
rPois    .         Spirit   .   (no amulet)
rElec    .         Reflect  .   (no ring)
rCorr    .         Harm     .   (no ring)
MR       .....                  (no ring)
Stlth    ++........             (no ring)
HPRegen  0.08/turn              (no ring)
MPRegen  0.08/turn              (no ring)
                                (no ring)
                                (no ring)

@: hasted, very quick
A: almost no armour, stealthy swim, amphibious, 8 rings, constrict 8, camouflage
1, gelatinous body 1
a: no special abilities


You were on level 1 of the Dungeon.
You were hungry.

You visited 1 branch of the dungeon, and saw 2 of its levels.

You collected 103 gold pieces.

Inventory:

Hand Weapons
 a - a +0 flail (weapon)
Armour
 b - a +1 shield (worn)
Potions
 c - a potion of might
 f - a potion of resistance
 l - a potion of curing {unknown}
Comestibles
 d - 5 rations


   Skills:
 + Level 3.4 Fighting
 * Level 3.2 Maces & Flails
 - Level 3.0 Dodging
 - Level 3.0 Shields


You had 2 spell levels left.
You didn't know any spells.
Your spell library was empty.

Dungeon Overview and Level Annotations

Branches:
Dungeon (2/15)

Altars:


Innate Abilities, Weirdness & Mutations

You cannot wear most types of armour.
You are very stealthy in the water. (Stealth+)
You are amphibious.
You can wear up to eight rings at the same time.
You can use your tentacles to constrict eight enemies at once.
Your skin changes colour to match your surroundings (Stealth+).
Your rubbery body absorbs attacks. (AC +1, EV +1)


Message History

The hound barely misses you. The goblin barely misses you.
You climb upwards.
There is a stone staircase leading down here.
You aren't carrying any scrolls.
Unknown command.
It was a potion of degeneration.
There was something very wrong with that liquid.
You feel weakened.
You feel dopey.
You feel clumsy. You block the jackal's attack. The jackal bites you.
* * * LOW HITPOINT WARNING * * *
You block the jackal's attack. The jackal closely misses you.
The hound bites you.
* * * LOW HITPOINT WARNING * * *
The rat bites you but does no damage. The jackal completely misses you.
The jackal bites you.
* * * LOW HITPOINT WARNING * * *
The jackal barely misses you. The jackal closely misses you.
The goblin hits you but does no damage.
It was a potion of haste.
You feel yourself speed up. The hound bites you.
You die...

.###.#.......##.#####.#####
#.# .# #.#.......##.#####.#
#.# .# #.#.......##.......#
#.#
.###.........####.....###
#.#
.....#..#.#..####.......#
#.#
...)....#.#...........#.#
#.#
.....#......###########.#
#.#
.########.#####hrh....#.#
#.# .# #(....'†@h>.>.'.#
##.# ÷######
##....#hgh....### #..#
.÷....# #.##.######### #.##
#####.# #.##.#.......###
#.# .####.#
#.##.'...<...'.# #.#
...##.# #.##.#.......#.#
#.# .#.##.#
#....#########.####.#
##.##.# ####......#
#......# ......# ########
########


You could see a hound, 4 jackals, a goblin and a rat.

Vanquished Creatures
  An ooze (D:1)
  2 giant cockroaches (D:1)
  5 hobgoblins (D:1)
  A jackal (D:1)
  2 kobolds (D:1)
  A quokka (D:1)
  3 bats (D:1)
  5 frilled lizards (D:1)
  4 goblins (D:1)
  3 rats (D:1)
27 creatures vanquished.

Notes
Turn   | Place    | Note
-------+----------+-------------------------------------------
     0 | D:1      | Ijustatesigmund the Octopode Fighter began the quest for
                  | the Orb.
     0 | D:1      | Reached XP level 1. HP: 16/16 MP: 1/1
    68 | D:1      | Reached XP level 2. HP: 7/21 MP: 2/2
   561 | D:1      | Reached XP level 3. HP: 20/26 MP: 3/3
  1076 | D:1      | Slain by a hound

Levels and vault maps discovered:
D:1:      minmay_arrival_up_and_down, layout_loops_cross
D:2:      layout_rooms

Skill      XL: |  1  2 |
---------------+-------+-----
Maces & Flails | 3 |  3.2
Fighting       | |  3.4
Dodging        | |  3.0
Shields        | |  3.0

Action                   || total
-------------------------++-------
Melee: Flail             ||    48
       Constrict         ||    11
       Tentacles         ||     5
  Use: Scroll            ||     4
       Potion            ||     2
 Stab: Sleeping          ||     6
Armor: Skin              ||     9
Dodge: Dodged            ||    29
Block: Shield            ||    35

Table legend:
 A = Non-vault XP
 B = Vault XP
 C = Vault XP percentage of total XP
 D = Non-vault monster count
 E = Vault monster count
 F = Vault count percentage of total count
                 A         B        C        D         E       F
            +---------+---------+-------+---------+---------+-------
      Total |      48 |       0 |   0.0 |      27 |       0 |   0.0
            +---------+---------+-------+---------+---------+-------
        D:1 |      48 |       0 |   0.0 |      27 |       0 |   0.0
            +---------+---------+-------+---------+---------+-------
